 Dungeon Crawl Stone Soup version 0.26.0-45-g9c1d065592 (webtiles) character file.

Game seed: 6910952270200893456

31 hawla the Skirmisher (level 3, -3/36 HPs)
             Began as a Draconian Wanderer on Jan 27, 2021.
             Slain by a worm (8 damage)
             ... on level 3 of the Dungeon.
             The game lasted 00:05:05 (959 turns).

hawla the Skirmisher (Draconian Wanderer)            Turns: 959, Time: 00:05:07

Health: -3/36      AC:  5    Str: 12    XL:     3   Next: 7%
Magic:  5/5        EV: 11    Int: 13    God:
Gold:   77         SH:  0    Dex: 12    Spells: 4/4 levels left

rFire    . . .     SeeInvis .   b - +0 shortbow
rCold    . . .     Faith    .   (shield currently unavailable)
rNeg     . . .     Spirit   .   (armour unavailable)
rPois    .         Reflect  .   (helmet restricted)
rElec    .         Harm     .   (no cloak)
rCorr    .         Rampage  .   (no gloves)
Will     .....                  (no boots)
Stlth    ++........             (no amulet)
HPRegen  0.12/turn              (no ring)
MPRegen  0.09/turn              (no ring)

@: no status effects
A: unfitting armour, cold-blooded, AC +5
a: no special abilities


You were on level 3 of the Dungeon.
You visited 1 branch of the dungeon, and saw 3 of its levels.

You collected 77 gold pieces.

Inventory:

Hand Weapons
 a - a +0 club
 b - a +0 shortbow (weapon)
Missiles
 c - 67 arrows (quivered ammo)
Armour
 e - a +0 kite shield
Wands
 d - a wand of random effects (15)
Scrolls
 g - a scroll of remove curse
Potions
 h - a potion of haste


   Skills:
 - Level 5.4 Fighting
 + Level 2.9 Bows
 - Level 1.0 Dodging
 - Level 1.0 Stealth
 - Level 1.0 Shields
 + Level 1.4 Spellcasting
 - Level 1.0 Evocations


You had 4 spell levels left.
You didn't know any spells.
Your spell library was empty.

Dungeon Overview and Level Annotations

Branches:
Dungeon (3/15)

Altars:


Innate Abilities, Weirdness & Mutations

Your plain brown scales are hard. (AC +5)
You cannot fit into any form of body armour.
You are cold-blooded and may be slowed by cold attacks.


Message History

Aim: a worm (79% to hit)
You shoot an arrow. The arrow barely misses the worm.
The worm bites you but does no damage.
Fire: 70 arrows
Press: ? - help, Q - select action, (/) - cycle Shift-Dir - straight line, f/p - worm
Aim: a worm (79% to hit)
You shoot an arrow. The arrow hits the worm!
The worm is moderately wounded.
Fire: 69 arrows
Press: ? - help, Q - select action, (/) - cycle Shift-Dir - straight line, f/p - worm
Aim: a worm (moderately wounded, 79% to hit)
You shoot an arrow. The arrow barely misses the worm.
The worm barely misses you.
Fire: 68 arrows
Press: ? - help, Q - select action, (/) - cycle Shift-Dir - straight line, f/p - worm
Aim: a worm (moderately wounded, 79% to hit)
You shoot an arrow. The arrow hits the worm.
The worm is heavily wounded.
The worm bites you!
You die...

#.#######
#g.......
#..###### #..#
.w#####..######
).....(........
..#####(######.
#.....w(#
......#.#@#
....#...###
...>w...#
..#.#.### #
#.#. # #. #


You could see a worm.

Vanquished Creatures
  An ooze (D:1)
  A worm (D:3)
  A dart slug (D:1)
  A giant cockroach (D:1)
  3 goblins (D:1)
  3 hobgoblins
  A ball python (D:1)
  A bat (D:1)
  2 frilled lizards (D:1)
  7 kobolds (D:1)
  A rat (D:1)
22 creatures vanquished.

Notes
Turn   | Place    | Note
-------+----------+-------------------------------------------
     0 | D:1      | hawla the Draconian Wanderer began the quest for the Orb.
     0 | D:1      | hawla set off with the following items: a +0 club, a +0
                  | shortbow, 28 arrows, a wand of random effects (15), a +0
                  | kite shield
     0 | D:1      | Reached XP level 1. HP: 23/23 MP: 1/1
    67 | D:1      | Reached XP level 2. HP: 4/29 MP: 1/3
   524 | D:1      | Reached skill level 1 in Stealth
   538 | D:1      | Reached skill level 1 in Dodging
   538 | D:1      | Reached skill level 1 in Spellcasting
   896 | D:2      | HP: 1/29 [iguana (7)]
   956 | D:3      | Reached XP level 3. HP: 4/36 MP: 5/5
   959 | D:3      | Slain by a worm

Illustrated notes

Levels and vault maps discovered:
D:1:      minmay_arrival_plants_in_alcoves, layout_basic
D:2:      minmay_angry_zag, layout_rooms, gammafunk_temple_overflow_wave,
          nemelex_diamond_rough_becter
D:3:      minmay_general_purpose_star, layout_basic, vehumet_crystals,
          chequers_temple_overflow_minitemple, grunt_decor_junction,
          grunt_ministairs_4

Skill      XL: |  1  2 |
---------------+-------+-----
Stealth        | 1 |  1.0
Dodging        | 1 |  1.0
Spellcasting   | 1 |  1.4
Fighting       | |  5.4
Bows           | |  2.9
Shields        | |  1.0
Evocations     | |  1.0

Action                   || total
-------------------------++-------
Melee: Club              ||    48
       Tailslap          ||     3
 Fire: Shortbow          ||    35
  Use: Scroll            ||     4
       Potion            ||     2
Armor: Skin              ||    16
Dodge: Dodged            ||    40
